 Dungeon Crawl Stone Soup version 0.30.0-5-g1a98f26d00 (webtiles) character file.

Game seed: 11034361716110481793

7702 KamiKatze the Cleaver (level 11, -5/103 HPs)
             Began as a Gargoyle Berserker on May 7, 2023.
             Was a High Priest of Trog.
             Slain by a two-headed ogre
             ... wielding a +0 giant club
              (13 damage)
             ... on level 8 of the Dungeon on May 8, 2023.
             The game lasted 00:34:55 (8413 turns).

KamiKatze the Cleaver (Gargoyle Berserker)          Turns: 8413, Time: 00:34:56

Health: -5/103     AC: 18    Str: 23    XL:     11   Next: 19%
Magic:  11/11      EV: 12    Int:  8    God:    Trog [*****.]
Gold:   1767       SH:  0    Dex: 17    Spells: 10/10 levels left

rFire   + . .        A - +0 war axe
rCold   + . .        (no shield)
rNeg    + . .        s - +0 scale mail
rPois   ∞            v - +1 helmet
rElec   +            N - scarf {rC+ rF+}
rCorr   +            (no gloves)
SInv    .            (no boots)
Will    .....        (no amulet) Stlth
                     p - ring of resist corrosion
HPRegen 0.37/turn    e - +6 ring of dexterity
MPRegen 0.12/turn

%: no passive effects
@: berserking, studying 3 skills, very quick
A: sickness immunity, AC +8, negative energy resistance 1, electricity
resistance, torment resistance 1, petrification resistance
a: Renounce Religion, Berserk, Trog's Hand, Brothers in Arms


You were on level 8 of the Dungeon.
You worshipped Trog.
Trog was extremely pleased with you.
You visited 2 branches of the dungeon, and saw 10 of its levels.
You also visited: Sewer.

You collected 1827 gold pieces.
You spent 60 gold pieces at shops.

Inventory:

Hand Weapons
 o - a +0 halberd of flaming
 w - a +6 heavy flail
 A - a +0 war axe (weapon)
 B - a +0 morningstar
 E - a +3 flail of freezing
 L - a +0 war axe
 P - a +2 whip of holy wrath
Missiles
 u - 20 poisoned darts (quivered)
 z - a curare-tipped dart
Armour
 s - a +0 scale mail (worn)
 t - +0 acid dragon scales
 v - a +1 helmet (worn)
 N - a scarf of resistance (worn)
 T - +0 ice dragon scales
Jewellery
 e - a +6 ring of dexterity (right hand)
 p - a ring of resist corrosion (left hand)
 r - a ring of flight
 S - a ring of magical power
Wands
 a - a wand of quicksilver (7)
 y - a wand of polymorph (1)
 I - a wand of iceblast (5)
 R - a wand of flame (29)
Scrolls
 b - 4 scrolls of enchant armour
 c - 5 scrolls of teleportation
 g - a scroll of enchant weapon {unknown}
 h - 3 scrolls of fear
 k - 2 scrolls of fog {unknown}
 C - 2 scrolls of poison {unknown}
 D - a scroll of vulnerability {unknown}
 G - a scroll of magic mapping {unknown}
 J - 2 scrolls of blinking {unknown}
 K - a scroll of noise {unknown}
 Q - a scroll of butterflies {unknown}
Potions
 d - 4 potions of might
 f - 5 potions of haste {unknown}
 i - 4 potions of resistance {unknown}
 j - a potion of cancellation {unknown}
 l - 5 potions of curing {unknown}
 m - a potion of invisibility {unknown}
 n - 3 potions of lignification
 q - a potion of heal wounds
 x - 3 potions of degeneration
 H - 2 potions of mutation {unknown}
 M - 2 potions of flight {unknown}
 O - a potion of magic {unknown}


   Skills:
 + Level 8.7 Fighting
 * Level 11.8 Axes
 - Level 2.0 Throwing
 + Level 9.2 Armour
 + Level 4.9 Dodging
 - Level 2.0 Evocations


You had 10 spell levels left.
You didn't know any spells.
Your spell library was empty.

Dungeon Overview and Level Annotations

Branches:
Dungeon (9/15)             Temple (1/1) D:5           Sewer (visited)
   Lair: D:8-11         Orc: D:9-12

Altars:
Ashenzari
Cheibriados
Dithmenos
Elyvilon
Fedhas
Gozag
Hepliaklqana
Kikubaaqudgha
Makhleb
Nemelex Xobeh
Okawaru
Ru
Sif Muna
Trog
Uskayaw
Vehumet
Xom
Yredelemnul
Zin
The Shining One

Shops:
D:3 !   D:7 *(


Innate Abilities, Weirdness & Mutations

You are immune to sickness and miasma.
Your stone body is resilient. (AC +8)
You are immune to poison.
You resist negative energy. (rN+)
You are resistant to electric shocks. (rElec)
You are resistant to unholy torment.
You are immune to petrification.


Message History

The centaur shoots an arrow.
The arrow hits you.
You climb upwards.
There is a stone staircase leading down here.
Unknown command.
Unknown command.
You barely miss the two-headed ogre.
The two-headed ogre hits you with a +0 giant club!
The two-headed ogre barely misses you.
You are too injured to fight recklessly!
A red film seems to cover your vision as you go berserk!
You feel yourself moving faster!
You feel mighty!
You slash the two-headed ogre!
The two-headed ogre is lightly wounded.
The two-headed ogre hits you with a +0 giant club!!
* * * LOW HITPOINT WARNING * * *
The two-headed ogre barely misses you.
You barely miss the two-headed ogre.
The two-headed ogre is lightly wounded.
You slice the two-headed ogre!!
The two-headed ogre is heavily wounded.
The two-headed ogre misses you.
The two-headed ogre hits you with a +0 giant club!
* * * LOW HITPOINT WARNING * * *
You hit the two-headed ogre.
The two-headed ogre is heavily wounded.
You closely miss the two-headed ogre.
The two-headed ogre is heavily wounded.
You completely miss the two-headed ogre.
The two-headed ogre is heavily wounded.
The two-headed ogre hits you with a +0 giant club!
* * * LOW HITPOINT WARNING * * *
The two-headed ogre hits you but does no damage.
You barely miss the two-headed ogre.
The two-headed ogre is heavily wounded.
You hit the two-headed ogre.
The two-headed ogre is severely wounded.
The two-headed ogre hits you with a +0 giant club!
* * * LOW HITPOINT WARNING * * *
The two-headed ogre hits you with a +0 giant club!
You die...

.#.#.......#..##..###.######..##.
.#.#.......#..##..###.######..###
...##.[...##.#.....+...........#
...####.####.#.....#...........#
##...........#######...........#
.####..##..####...##...........#
........+......................#
........#........O##########..###
..###(.##..####.@.##..##..##..##.
..###..##..####...##...'..#......
...................'...#..'......
..................##..##..##.....
..#######.........######..##.....
..##...##..........#.............
####....#..........+.............
..#....##....###..##.............
..###'###....###..###'######..###


You could see a two-headed ogre.

Vanquished Creatures
  A two-headed ogre (D:8)
  Pikel (D:5)
  Joseph (D:7)
  Maurice (D:8)
  Maggie (D:8)
  Prince Ribbit (D:5)
  Sigmund (D:5)
  6 yaks (D:7)
  11 humans (D:7)
  A wyvern (D:7)
  A vampire mosquito (D:8)
  Menkaure (D:7)
  Edmund (D:4)
  Duvessa (D:4)
  A water moccasin (D:7)
  2 black bears
  An ice beast (D:8)
  3 sky beasts
  2 ogres
  A lemure (D:5)
  A kobold brigand (D:4)
  2 bullfrogs (Sewer)
  A scorpion (D:6)
  8 wights
  Dowan (D:4)
  4 killer bees (D:8)
  3 hounds
  An orc priest (D:6)
  A jelly (D:5)
  4 iguanas
  4 orc wizards
  11 adders
  3 river rats (Sewer)
  A shadow imp (D:7)
  2 white imps (D:7)
  2 worms (D:2)
  3 dart slugs
  24 orcs
  23 ball pythons
  5 endoplasms
  11 giant cockroaches
  3 goblins
  8 hobgoblins
  2 jackals (D:7)
  6 quokkas
  3 bats
  6 frilled lizards
  28 kobolds
  36 rats
246 creatures vanquished.

Notes
Turn   | Place    | Note
-------+----------+-------------------------------------------
     0 | D:1      | KamiKatze the Gargoyle Berserker began the quest for the
                  | Orb.
     0 | D:1      | Reached XP level 1. HP: 14/14 MP: 1/1
    71 | D:1      | Reached XP level 2. HP: 19/19 MP: 2/2
   124 | D:1      | Reached skill level 3 in Axes
   242 | D:1      | Found a faded altar of an unknown god.
   314 | D:1      | You fall into a shaft and drop 1 floor!
   314 | D:2      | Found a sacrificial altar of Ru.
   415 | D:2      | Reached XP level 3. HP: 23/23 MP: 3/3
   455 | D:2      | Reached skill level 1 in Evocations
   461 | D:2      | Reached skill level 1 in Throwing
   461 | D:2      | Reached XP level 4. HP: 29/29 MP: 4/4
   630 | D:2      | Reached ** piety under Trog
  1638 | D:3      | Found a broken altar of Ashenzari.
  1661 | D:3      | Found a burning altar of Makhleb.
  1749 | D:3      | Found Toycs's Distillery.
  2022 | D:3      | Reached XP level 5. HP: 31/33 MP: 5/5
  2637 | D:4      | Noticed Edmund
  2656 | D:4      | Killed Edmund
  2657 | D:4      | Reached skill level 4 in Axes
  2657 | D:4      | Reached XP level 6. HP: 24/39 MP: 6/6
  2936 | D:4      | Noticed a black bear
  2965 | D:4      | Killed a black bear
  2966 | D:4      | Reached skill level 5 in Fighting
  3069 | D:4      | Noticed Duvessa
  3085 | D:4      | Killed Duvessa
  3086 | D:4      | Reached skill level 5 in Axes
  3086 | D:4      | Reached XP level 7. HP: 44/44 MP: 7/7
  3118 | D:4      | Noticed Dowan
  3129 | D:4      | Killed Dowan
  3330 | D:4      | Reached *** piety under Trog
  3744 | D:5      | Entered Level 5 of the Dungeon
  3761 | D:5      | Identified 2 scrolls of acquirement
  3764 | D:5      | Noticed Prince Ribbit
  3791 | D:5      | Killed Prince Ribbit
  3792 | D:5      | Reached skill level 6 in Axes
  3792 | D:5      | Reached XP level 8. HP: 9/51 MP: 8/8
  3936 | D:5      | Noticed Pikel
  3945 | D:5      | Noticed Sigmund
  3959 | D:5      | Killed Pikel
  3960 | D:5      | Reached skill level 8 in Axes
  3968 | D:5      | Killed Sigmund
  4031 | D:5      | Reached skill level 9 in Axes
  4252 | D:5      | Found a glowing drain.
  4255 | D:5      | Reached XP level 9. HP: 51/55 MP: 9/9
  4258 | Sewer    | Entered a sewer
  4441 | Sewer    | Acquired 1108 gold pieces
  4495 | Sewer    | Reached **** piety under Trog
  4540 | Sewer    | Acquired a manual of Armour
  4717 | D:5      | Found a staircase to the Ecumenical Temple.
  4986 | Temple   | Entered the Ecumenical Temple
  6004 | D:7      | Found Neeq's General Store.
  6014 | D:7      | Bought a scroll of fear for 60 gold pieces
  6103 | D:7      | Reached skill level 10 in Axes
  6108 | D:7      | Reached ***** piety under Trog
  6109 | D:7      | Reached skill level 5 in Armour
  6235 | D:7      | Reached XP level 10. HP: 56/63 MP: 10/10
  6353 | D:7      | Reached skill level 11 in Axes
  6612 | D:7      | Noticed Menkaure
  6622 | D:7      | Killed Menkaure
  6786 | D:7      | Found Qeyra's Weapon Boutique.
  6786 | D:7      | Noticed Joseph
  6819 | D:7      | Killed Joseph
  6975 | D:7      | Upgraded the game from 0.30.0-2-g1aa4bd4387 to
                  | 0.30.0-5-g1a98f26d00
  7466 | D:8      | Noticed Maggie
  7680 | D:8      | Found a radiant altar of Vehumet.
  7808 | D:8      | Noticed a two-headed ogre
  7813 | D:8      | Killed a two-headed ogre
  7814 | D:8      | Reached XP level 11. HP: 69/69 MP: 11/11
  7984 | D:8      | Noticed Maurice
  7995 | D:8      | Killed Maurice
  8350 | D:8      | Killed Maggie
  8398 | D:9      | Noticed a two-headed ogre
  8413 | D:8      | Slain by a two-headed ogre

Illustrated notes

Levels and vault maps discovered:
D:1:      saegor_arrival_simple_e, layout_loops_cross,
          shapermc_ecumenical_altar_venn, grunt_decor_mini_mirrors
D:2:      layout_loops_ring, serial_aquarium, aquarium_bridge_straight
          [aquarium_subvault_bridge, aquarium_subvault_wall,
          aquarium_subvault_bridge, aquarium_subvault_wall],
          aquarium_bridge_square [aquarium_subvault_bridge,
          aquarium_subvault_wall, aquarium_subvault_bridge,
          aquarium_subvault_wall], aquarium_window_fake,
          aquarium_window_corridor_1, aquarium_view_2c, aquarium_balcony_5b,
          aquarium_pool_side, basic_altar
D:3:      layout_loops_corners, grunt_temple_overflow_open, serial_shops, shop,
          st_stairs_11, guppyfry_early_lair_pool
D:4:      kennysheep_kobold_camp, layout_basic, st_stairs_2, chequers_avenue,
          uniq_duvessa, uniq_edmund
D:5:      layout_loops_ring, minmay_temple_entry_statues_pillars,
          portal_sewer_entry_e, kennysheep_cross_room, minmay_gold_behind_fungi,
          uniq_sigmund, uniq_prince_ribbit1, uniq_pikel
D:6:      layout_basic
D:7:      erik_cavepeople, layout_loops_ring, serial_shops, shop,
          nicolae_shop_statue_plus, uniq_menkaure, uniq_joseph
D:8:      layout_gridville, old_standard_altar, minmay_manual_mandibuliform,
          uniq_maggie, uniq_maurice
D:9:      layout_roguey, nzn_wu_jian_contemplation, old_standard_altar,
          grunt_lair_entry_orc_guard_hut, hiddenorc2_lemuel
Temple:   bh_familiar_temple

Skill      XL: |  1  2  3  4  5  6  7  8  9 10 11 |
---------------+----------------------------------+-----
Axes           | 3 4 5 6 9 10 11 | 11.8
Evocations     | 1 2 |  2.0
Throwing       | 1 2 |  2.0
Fighting       | 4 5 6 7 8 |  8.7
Armour         | 5 8 9 |  9.2
Dodging        | 3 4 |  4.9

Action                     |  1- 3 |  4- 6 |  7- 9 | 10-12 || total
---------------------------+-------+-------+-------+-------++-------
  Melee: Hand axe          |    73 |   178 |   259 |       ||   510
         Punch             |     1 |     3 |     2 |     3 ||     9
         Unarmed           |       |     3 |     2 |       ||     5
         War axe           |       |       |   136 |   276 ||   412
  Throw: Dart              |       |    11 |     7 |       ||    18
 Invoke: Berserk           |     1 |     4 |     5 |     4 ||    14
         Trog's Hand       |       |       |     3 |     2 ||     5
  Evoke: Wand              |       |       |       |     6 ||     6
    Use: Scroll            |       |       |    10 |       ||    10
 Armour: Animal skin       |    20 |       |       |       ||    20
         Ring mail         |    21 |    39 |       |       ||    60
         Scale mail        |       |    19 |   153 |   125 ||   297
         Skin              |       |     1 |       |       ||     1
  Dodge: Dodged            |    56 |    97 |   214 |   129 ||   496
